 Dungeon Crawl Stone Soup version 0.18-a0-1196-g09327cf (webtiles) character file.

56 RedPan the Conjurer (level 3, -3/26 HPs)
             Began as a Draconian Conjurer on Jan 30, 2016.
             Slain by a gnoll
             ... wielding a +0 whip
              (7 damage)
             ... on level 2 of the Dungeon.
             The game lasted 00:04:22 (1742 turns).

RedPan the Conjurer (Draconian Conjurer)            Turns: 1742, Time: 00:04:22

Health: -3/26      AC: 10    Str: 10    XL:     3   Next: 71%
Magic:  6/6        EV:  6    Int: 16    God:
Gold:   114        SH:  0    Dex: 11    Spells: 1 memorised, 5 levels left

rFire  . . .     SeeInvis .     f - +0 dagger
rCold  . . .     Gourm    .     (armour unavailable)
rNeg   . . .     Faith    .     (no shield)
rPois  .         Spirit   .     d - +1 hat
rElec  .         Dismiss  .     (no cloak)
rCorr  .         Reflect  .     e - +2 pair of gloves
SustAt .         Harm     .     n - +0 pair of boots
MR     .....                    (no amulet)
Stlth  ++........               (no ring)
                                (no ring)

@: held, not resistant to hostile enchantments, unstealthy
A: unfitting armour, cold-blooded, AC +5
a: no special abilities


You were on level 2 of the Dungeon.
You were not hungry.

You visited 1 branch of the dungeon, and saw 2 of its levels.

You collected 114 gold pieces.

Inventory:

Hand Weapons
 f - a +0 dagger (weapon)
Armour
 d - a +1 hat (worn)
 e - a +2 pair of gloves (worn)
 n - a +0 pair of boots (worn)
Scrolls
 h - 3 scrolls of identify {unknown}
 i - a scroll of random uselessness {unknown}
 p - 2 scrolls of recharging
 q - a scroll of enchant armour {unknown}
Books
 a - a book of Conjurations

   Spells                             Type                      Level
   a - Magic Dart                     Conjuration                  1
   b - Searing Ray                    Conjuration                  2
   c - Dazzling Spray                 Conjuration/Hexes            3
   d - Fulminant Prism                Conjuration/Hexes            4
   e - Iskenderun's Mystic Blast      Conjuration                  4
   f - Iskenderun's Battlesphere      Conjuration/Charms           5
Comestibles
 b - 3 bread rations
 j - a beef jerky
 k - 3 meat rations
 l - 3 chunks of flesh
 m - a royal jelly


   Skills:
 - Level 1.7 Dodging
 - Level 1.7 Stealth
 - Level 2.0 Spellcasting
 + Level 5.4 Conjurations


You had 5 spell levels left.
You knew the following spells:

 Your Spells              Type           Power        Failure   Level  Hunger
a - Magic Dart            Conj           ###.         2%          1    #......


Dungeon Overview and Level Annotations

Branches:
Dungeon (2/15)

Altars:
Cheibriados
Nemelex Xobeh


Innate Abilities, Weirdness & Mutations

Your plain brown scales are hard (AC +5).
Your body does not fit into most forms of armour.
You are cold-blooded and may be slowed by cold attacks.


Message History

It was a potion of cancellation.
You feel magically purged.
The gnoll hits you but does no damage. x2
Drink which item? (? for menu, Esc to quit)
It was a potion of magic.
Magic courses through your body. The gnoll hits you with a whip.
* * * LOW HITPOINT WARNING * * *
The gnoll hits you but does no damage.
Read which item? (? for menu, Esc to quit)
As you read the scroll labeled HAXUS YTEUNICW, it crumbles to dust.
It is a scroll of amnesia.
Forget which spell ([?*] list [ESC] exit)?
Forget which spell ([?*] list [ESC] exit)?
Okay, then.
The gnoll hits you but does no damage. The gnoll barely misses you.
Read which item? (? for menu, Esc to quit)
As you read the scroll labeled VYAC GICKAURAI, it crumbles to dust.
It is a scroll of recharging.
You aren't carrying any rechargeable items.
The gnoll hits you with a whip!
You die...

# #.................
####....##.#..#.#....
.....................
####.#..##.#..#.##.#. #
#.#..#........# #### #
#.##.#..#..#..#....# #
#.............#g)..# #
#.##..........gg._.#
####.##...##..#.@#
#............)...#
##...............#######
........#.##...........#
....................<###
##.#.##.#..#..####.###
##.#.##.#..#..# #.#
##.#.# .......# #.#
##.#.. ....#..# #.#


You could see 2 gnolls and a hobgoblin.

Vanquished Creatures
  2 adders (D:2)
  2 bats
  4 giant cockroaches
  4 goblins
  7 hobgoblins
  2 quokkas (D:2)
  A ball python (D:2)
  2 giant newts
  5 kobolds
  6 rats
35 creatures vanquished.

Notes
Turn   | Place    | Note
--------------------------------------------------------------
     0 | D:1      | RedPan the Draconian Conjurer began the quest for the Orb.
     0 | D:1      | Reached XP level 1. HP: 14/14 MP: 3/3
   224 | D:1      | Reached XP level 2. HP: 10/20 MP: 0/5
   921 | D:1      | Found a sparkling altar of Nemelex Xobeh.
  1264 | D:2      | Reached skill level 5 in Conjurations
  1264 | D:2      | Reached XP level 3. HP: 26/26 MP: 0/6
  1726 | D:2      | Found a snail-covered altar of Cheibriados.
  1742 | D:2      | Slain by a gnoll

Vault maps used:
D:1:      elethiomel_arrival_shortcut, serial_forest, infiniplex_forest_end_2,
          infiniplex_forest_end_3, infiniplex_forest_lined_ring,
          infiniplex_forest_straight_5, infiniplex_forest_lined_corner,
          infiniplex_forest_straight_3, infiniplex_forest_lined_room_2,
          nemelex_diamond_rough_becter
D:2:      marbit_many_paths, cheibriados_altar_wand_db, serial_forest,
          infiniplex_forest_clump_small, infiniplex_forest_clump_small,
          infiniplex_forest_straight_4, infiniplex_forest_lined_room_,
          minmay_misc_feat_four_crosses, minivault_26

Action                   || total
-------------------------++-------
Melee: Unarmed           ||    11
       Dagger            ||     2
 Cast: Magic Dart        ||    71
  Use: Scroll            ||     2
       Potion            ||     2
  Eat: Pizza             ||     1
       Chunk             ||     2
